 Dungeon Crawl Stone Soup version 0.25-a0-576-g50b708a4c4 (webtiles) character file.

Game seed: 13814995010807668215, levelgen mode: deterministic

7 ReteAZ the Insei (level 2, 0/26 HPs)
             Began as a Gnoll Gladiator on Mar 1, 2020.
             Slain by Terence
             ... wielding a +0 flail
              (6 damage)
             ... on level 2 of the Dungeon.
             The game lasted 00:00:45 (210 turns).

ReteAZ the Insei (Gnoll Gladiator)                   Turns: 210, Time: 00:00:45

Health: 0/26       AC:  4    Str: 16    XL:     2   Next: 4%
Magic:  2/2        EV: 16    Int: 10    God:
Gold:   0          SH:  0    Dex: 16    Spells: 1/1 levels left

rFire    . . .     SeeInvis .     - Unarmed
rCold    . . .     Gourm    .   (no shield)
rNeg     . . .     Faith    .   a - +0 leather armour
rPois    +         Spirit   .   b - +0 helmet
rElec    .         Reflect  .   (no cloak)
rCorr    .         Harm     .   (no gloves)
MR       .....                  (no boots)
Stlth    ..........             (no amulet)
HPRegen  0.08/turn              e - ring of attention
MPRegen  0.08/turn              i - ring of poison resistance

@: no status effects
A: distributed training, fangs 1, strong nose
a: no special abilities


You were on level 2 of the Dungeon.
You were not hungry.

You visited 1 branch of the dungeon, and saw 2 of its levels.

Inventory:

Missiles
 c - 3 throwing nets (quivered)
Armour
 a - a +0 leather armour (worn)
 b - a +0 helmet (worn)
Jewellery
 e - a ring of attention (left hand)
 f - an uncursed ring of flight
 i - a ring of poison resistance (right hand)
Comestibles
 d - 2 rations


   Skills:
 + Level 4.4 Fighting
 + Level 0.2 Short Blades
 + Level 0.2 Long Blades
 + Level 0.2 Axes
 + Level 0.2 Maces & Flails
 + Level 0.2 Polearms
 + Level 0.2 Staves
 + Level 0.2 Slings
 + Level 0.2 Bows
 + Level 0.2 Crossbows
 + Level 4.4 Throwing
 + Level 0.2 Armour
 + Level 6.4 Dodging
 + Level 0.2 Stealth
 + Level 0.2 Shields
 + Level 6.4 Unarmed Combat
 + Level 0.2 Spellcasting
 + Level 0.1 Conjurations
 + Level 0.1 Hexes
 + Level 0.1 Charms
 + Level 0.1 Summonings
 + Level 0.1 Necromancy
 + Level 0.1 Translocations
 + Level 0.1 Transmutations
 + Level 0.1 Fire Magic
 + Level 0.1 Ice Magic
 + Level 0.1 Air Magic
 + Level 0.1 Earth Magic
 + Level 0.1 Poison Magic
 + Level 0.3 Invocations
 + Level 0.2 Evocations


You had one spell level left.
You didn't know any spells.
Your spell library was empty.

Dungeon Overview and Level Annotations

Branches:
Dungeon (1/15)

Altars:
Vehumet

Annotations:
D:2 Robin, Terence


Innate Abilities, Weirdness & Mutations

Your experience applies equally to all skills.
You have very sharp teeth.
Your uncanny sense of smell can sniff out nearby items.


Message History

Terence misses you. The goblin barely misses you.
You closely miss Terence.
Terence is moderately wounded.
Terence closely misses you.
You hit Terence but do no damage. Your bite misses Terence.
Terence is moderately wounded.
The goblin closely misses you. Terence closely misses you.
You punch Terence! You bite Terence, but do no damage.
Terence is severely wounded.
The goblin barely misses you.
You hit Terence.
Terence is almost dead.
Terence barely misses you. The goblin closely misses you.
You hit Terence but do no damage.
Terence is almost dead.
Terence barely misses you. The goblin barely misses you.
You closely miss Terence.
Terence is almost dead.
Terence hits you with a +0 flail.
You die...

#..#.#.#.# ##.#.#.#.#.#
#...#.#.#.# ##..#g#.#.#
#..#.#.#.# #####
#####.>#'#.#.# #...########
#..........#.# #..........#
#..........#@# #.).#...#..#
#..........#@# #..###.###..
#..........#g#####...#...#...
#.......g..#gg..g......_.....
#.........########...#...#...
#.........g# #..###.###..
#..........# #...#...#...
#..........# #...g...(...
#..........###########.#.....
#..............g.g.gg..######


You could see Terence, a hobgoblin and 2 goblins.

Vanquished Creatures
  An ooze (D:2)
  2 goblins (D:2)
3 creatures vanquished.

Notes
Turn   | Place    | Note
-------+----------+-------------------------------------------
     0 | D:1      | ReteAZ the Gnoll Gladiator began the quest for the Orb.
     0 | D:1      | Reached XP level 1. HP: 20/20 MP: 1/1
    58 | D:1      | You fall into a shaft and drop 1 floor!
    58 | D:2      | Found a radiant altar of Vehumet.
   111 | D:2      | Noticed Robin
   122 | D:2      | Reached XP level 2. HP: 5/26 MP: 2/2
   127 | D:2      | HP: 1/26 [Robin/goblin (1)]
   192 | D:2      | Noticed Terence
   210 | D:2      | Slain by Terence

Levels and vault maps discovered:
D:1:      shiori_arrival_oz, layout_basic, dk_noncrumbling_4
D:2:      layout_basic, vehumet_crystals, grunt_ministairs_5, uniq_robin,
          uniq_sigmund, uniq_terence

Action                   || total
-------------------------++-------
Melee: Unarmed           ||    25
       Bite              ||     5
       Punch             ||     2
  Use: Scroll            ||     1
       Potion            ||     1
Armor: Leather armour    ||     6
Dodge: Dodged            ||    32

Table legend:
 A = Non-vault XP
 B = Vault XP
 C = Vault XP percentage of total XP
 D = Non-vault monster count
 E = Vault monster count
 F = Vault count percentage of total count
                 A         B        C        D         E       F
            +---------+---------+-------+---------+---------+-------
      Total |       7 |       4 |  36.4 |       1 |       2 |  66.7
            +---------+---------+-------+---------+---------+-------
        D:2 |       7 |       4 |  36.4 |       1 |       2 |  66.7
            +---------+---------+-------+---------+---------+-------
